 Dungeon Crawl Stone Soup version 0.18-a0-1526-gcb34c7c (webtiles) character file.

464 Oddball22 the Slasher (level 6, -8/49 HPs)
             Began as a Demonspawn Berserker on Mar 8, 2016.
             Was a Believer of Trog.
             Mangled by an iguana (13 damage)
             ... on level 5 of the Dungeon.
             The game lasted 00:08:10 (4252 turns).

Oddball22 the Slasher (Demonspawn Berserker)        Turns: 4252, Time: 00:08:10

Health: -8/49      AC: 10    Str: 18    XL:     6   Next: 80%
Magic:  6/6        EV: 13    Int:  8    God:    Trog [**....]
Gold:   171        SH:  0    Dex: 14    Spells: 0 memorised, 5 levels left

rFire  + . .     SeeInvis .     y - +1 morningstar (protect)
rCold  . . .     Gourm    .     b - +0 animal skin
rNeg   . . .     Faith    .     (no shield)
rPois  .         Spirit   .     v - +1 helmet
rElec  .         Dismiss  .     t - +0 cloak
rCorr  .         Reflect  .     (no gloves)
SustAt +         Harm     .     (no boots)
MR     .....                    (no amulet)
Stlth  +.........               w - ring of sustain attributes
                                (no ring)

@: exhausted, slowed, very slow, not resistant to hostile enchantments, very
unstealthy
A: claws 1, fire resistance 1
a: Berserk, Trog's Hand, Burn Spellbooks, Renounce Religion


You were on level 5 of the Dungeon.
You worshipped Trog.
Trog was pleased with you.
You were near starving.

You visited 1 branch of the dungeon, and saw 5 of its levels.

You collected 171 gold pieces.

Inventory:

Hand Weapons
 a - a +0 falchion
 y - a +1 morningstar of protection (weapon)
Missiles
 e - 8 javelins (quivered)
Armour
 b - a +0 animal skin (worn)
 t - a +0 cloak (worn)
 v - a +1 helmet (worn)
Jewellery
 w - a ring of sustain attributes (right claw)
Wands
 D - a wand of iceblast (12/15)
Scrolls
 d - 2 scrolls of enchant armour {unknown}
 k - a scroll of noise {unknown}
 m - 2 scrolls of enchant weapon {unknown}
 n - 4 scrolls of remove curse {unknown}
 o - 2 scrolls of fog {unknown}
 p - 2 scrolls of magic mapping {unknown}
 q - 3 scrolls of identify {unknown}
 u - 4 scrolls of recharging {unknown}
 x - 3 scrolls of teleportation {unknown}
 A - a scroll of immolation {unknown}
 C - a scroll of fear {unknown}
Potions
 f - 3 potions of curing {unknown}
 j - 2 potions of invisibility {unknown}
 r - 2 potions of ambrosia {unknown}
 s - a potion of heal wounds
 z - a potion of resistance {unknown}
 B - a potion of haste {unknown}
Comestibles
 c - 6 bread rations
 g - 4 royal jellies
 i - a meat ration


   Skills:
 + Level 4.4 Fighting
 * Level 4.7 Long Blades
 + Level 3.3 Armour
 + Level 3.4 Dodging


You had 5 spell levels left.
You didn't know any spells.

Dungeon Overview and Level Annotations

Branches:
Dungeon (5/15)             Temple (0/1) D:4

Altars:
Ashenzari
Cheibriados
Dithmenos
Kikubaaqudgha
Sif Muna
Vehumet

Shops:
D:4 }


Innate Abilities, Weirdness & Mutations

You have sharp fingernails.
Your flesh is heat resistant.


Message History

The ice beast closely misses you.
The giant frog zombie closely misses you.
The orc barely misses you.
The iguana bites you but does no damage.
You closely miss the ice beast.
The ice beast is almost dead.
The giant frog zombie completely misses you.
The ice beast hits you but does no damage.
The orc misses you. The iguana bites you.
* * * LOW HITPOINT WARNING * * *
You closely miss the ice beast.
The ice beast is almost dead.
You are no longer berserk.
You are exhausted.
You feel yourself slow down.
You are near starving!
The giant frog zombie misses you. The ice beast barely misses you.
The giant frog zombie hits you but does no damage.
The iguana bites you!
You die...

..#._l ..... . ...[#..
....... # ....... #
......o. ####
####........ ...##
######..l###..... .....
.$.....#o@Yo....#
##.##########..Z##......
...................#.###
########.########### #
#### #.# ...# #.# ##.#
#.# ##.#####.#
##......#...#


You could see an ice beast, an iguana, 2 orcs and a giant frog zombie.

Vanquished Creatures
  Edmund (D:5)
  A scorpion (D:5)
  A howler monkey (D:4)
  A jelly (D:4)
  A giant frog skeleton (D:5)
  A centaur skeleton (D:4)
  An orc wizard (D:3)
  A mummy (D:5)
  2 hound skeletons
  A worker ant zombie (D:5)
  3 adders
  2 worms (D:2)
  4 dart slugs
  6 orcs
  4 giant cockroaches
  3 hobgoblins
  2 jackals (D:5)
  9 kobolds
  A quokka (D:5)
  2 ball pythons
  5 bats
  2 giant newts
  7 goblins
  5 rats
66 creatures vanquished.

Notes
Turn   | Place    | Note
--------------------------------------------------------------
     0 | D:1      | Oddball22 the Demonspawn Berserker began the quest for the Orb.
     0 | D:1      | Reached XP level 1. HP: 18/18 MP: 1/1
   284 | D:1      | Gained mutation: You have sharp fingernails. [demonic ancestry]
   284 | D:1      | Reached XP level 2. HP: 16/24 MP: 2/2
   936 | D:2      | Found an ancient bone altar of Kikubaaqudgha.
   936 | D:2      | Found a shattered altar of Ashenzari.
  1182 | D:2      | Gained mutation: Your flesh is heat resistant. [demonic ancestry]
  1182 | D:2      | Reached XP level 3. HP: 25/29 MP: 3/3
  1436 | D:2      | Reached ** piety under Trog
  1755 | D:2      | Found a shadowy altar of Dithmenos.
  2154 | D:3      | Reached XP level 4. HP: 36/36 MP: 4/4
  2780 | D:4      | Reached XP level 5. HP: 36/42 MP: 5/5
  2999 | D:4      | Found a staircase to the Ecumenical Temple.
  3330 | D:4      | Found Lusiunla's Gadget Boutique.
  3508 | D:4      | Found a deep blue altar of Sif Muna.
  3646 | D:5      | Entered Level 5 of the Dungeon
  3669 | D:5      | Reached XP level 6. HP: 48/48 MP: 6/6
  3680 | D:5      | Found a snail-covered altar of Cheibriados.
  3696 | D:5      | Noticed Edmund
  3725 | D:5      | HP: 1/72 [Edmund/flail of protection (5)]
  3726 | D:5      | Killed Edmund
  4230 | D:5      | Noticed an ice beast
  4236 | D:5      | Found a radiant altar of Vehumet.
  4252 | D:5      | Mangled by an iguana

Vault maps used:
D:1:      shiori_shiawase
D:2:      grunt_dithmenos_smoke_and_mirrors, gammafunk_temple_overflow_pools,
          bh_walls_and_bars
D:3:      dk_noncrumbling_3
D:4:      minmay_temple_entry_nine_rooms, serial_shops, shop, first_bread,
          lemuel_blue_sif_altar
D:5:      trog_eyes_of_draining, slow_altar_1, vehumet_altar_wand_db,
          uniq_edmund

Skill      XL: |  1  2  3  4  5 |
---------------+----------------+-----
Armour         | 2 3 |  3.3
Long Blades    | 3 4 |  4.7
Dodging        | 2 3 |  3.4
Fighting       | 4 |  4.4

Action                   |  1- 3 |  4- 6 || total
-------------------------+-------+-------++-------
Melee: Falchion          |   114 |     1 ||   115
       Morningstar       |       |   146 ||   146
Invok: Berserk           |     3 |     3 ||     6
       Burn Spellbooks   |     1 |       ||     1
       Trog's Hand       |       |     1 ||     1
 Stab: Sleeping          |     1 |     2 ||     3
  Eat: Chunk             |     6 |     8 ||    14
       Pizza             |       |     1 ||     1
